 Dungeon Crawl Stone Soup version 0.29.1-12-g30fa7ad0bf (webtiles) character file.

Game seed: 3112117433048464824

11601 suse60 the Cleaver (level 12, -1/100 HPs)
             Began as a Formicid Fighter on Dec 27, 2022.
             Was a Priest of the Shining One.
             Slain by a six-headed hydra (7 damage)
             ... on level 1 of the Lair of Beasts on Dec 28, 2022.
             The game lasted 01:07:35 (12300 turns).

suse60 the Cleaver (Formicid Fighter)              Turns: 12300, Time: 01:07:36

Health: -1/100     AC: 13    Str: 24    XL:     12   Next: 9%
Magic:  15/17      EV:  9    Int:  8    God:    the Shining One [***...]
Gold:   318        SH:  7    Dex: 21    Spells: 11/11 levels left

rFire   + . .      SeeInvis +   q - +1 battleaxe (flame)
rCold   + . .      Faith    .   c - +1 buckler
rNeg    + . .      Spirit   .   b - +0 scale mail
rPois   .          Reflect  .   (helmet unavailable)
rElec   .          Harm     .   p - +1 cloak
rCorr   .          Rampage  .   (no gloves)
Will    +....                   h - +2 pair of boots of the Old and Reckless {rC+ Dex+6}
Stlth   ..........              y - amulet of the acrobat
HPRegen 0.26/turn               u - ring of protection from fire
MPRegen 0.15/turn               (no ring)

@: mighty, glowing
A: permanent stasis, dig shafts and tunnels, antennae 3, four strong arms
a: Dig, Shaft Self, Renounce Religion, Divine Shield, Cleansing Flame


You were on level 1 of the Lair of Beasts.
You worshipped the Shining One.
The Shining One was most pleased with you.
You visited 3 branches of the dungeon, and saw 12 of its levels.

You collected 1329 gold pieces.
You spent 1011 gold pieces at shops.

Inventory:

Hand Weapons
 f - a +0 shortbow of electrocution
 q - a +1 battleaxe of flaming (weapon)
Missiles
 m - 2 throwing nets
 z - 16 boomerangs of dispersal
Armour
 b - a +0 scale mail (worn)
 c - a +1 buckler (worn)
 h - the +2 pair of boots of the Old and Reckless (worn) {rC+ Dex+6}
   (You bought it in a shop on level 7 of the Dungeon)

   Dex:       It affects your dexterity (+6).
   rC:        It protects you from cold.
 p - a +1 cloak (worn)
Jewellery
 a - a +6 ring of intelligence
 u - a ring of protection from fire (left hand)
 y - an amulet of the acrobat (around neck)
Wands
 d - a wand of iceblast (7)
 t - a wand of digging (3)
 v - a wand of flame (5)
 x - a wand of polymorph (3)
 B - a wand of mindburst (7)
Scrolls
 g - a scroll of magic mapping
 j - 3 scrolls of poison
 r - 4 scrolls of butterflies
Potions
 e - 2 potions of ambrosia
 i - 2 potions of brilliance
 k - 3 potions of heal wounds
 l - 8 potions of curing
 n - a potion of cancellation
 o - a potion of resistance {unknown}
 s - a potion of might
 w - 2 potions of flight
 A - a potion of invisibility {unknown}


   Skills:
 + Level 11.0 Fighting
 + Level 12.8 Axes
 - Level 5.6 Armour
 - Level 4.0 Shields
 + Level 7.2 Invocations
 - Level 6.2 Evocations


You had 11 spell levels left.
You didn't know any spells.
Your spell library contained the following spells:

 Spells                   Type           Power      Damage    Failure   Level
 Ensorcelled Hibernation  Hex/Ice        0%         N/A       88%         2
 Passwall                 Tmut/Erth      0%         N/A       88%         2
 Ozocubu's Armour         Ice            0%         N/A       98%         3
 Metabolic Englaciation   Hex/Ice        0%         N/A       100%        5
 Dispersal                Tloc           0%         N/A       100%        6
 Simulacrum               Ice/Necr       0%         N/A       100%        6
 Disjunction              Tloc           0%         N/A       100%        8
 Swiftness                Air            Unusable   N/A       N/A         3

Dungeon Overview and Level Annotations

Branches:
Dungeon (10/15)            Temple (1/1) D:6            Lair (1/5) D:10
    Orc (0/2) D:9

Altars:
Ashenzari
Fedhas
Qazlal
Trog
Uskayaw
The Shining One

Shops:
D:4 *   D:7 *![(


Innate Abilities, Weirdness & Mutations

You cannot be hasted, slowed, berserked, paralysed or teleported.
You can dig through walls and to a lower floor.
You have a pair of large antennae on your head. (SInv)
Your four strong arms can wield two-handed weapons with a shield.


Message History

You are knocked back by the lance of force.
You collide with the cane toad!
The cane toad is heavily wounded.
* * * LOW HITPOINT WARNING * * *
The yak gores you but does no damage.
You slash Erica! You burn Erica.
You kill Erica!
You slash the cane toad! You burn the cane toad. You slash the yak!
You burn the yak. The cane toad closely misses you. The yak closely misses you.
You block the cane toad's attack.
Your Invocations skill increases to level 7!
You have reached level 12!
You feel stronger.
You slice the cane toad!! You burn the cane toad.
You kill the cane toad!
You slash the yak! You burn the yak.
You kill the yak!
A four-headed hydra comes into view.
Your Fighting skill increases to level 11!
You feel much better.
The seven-headed hydra bites you but does no damage.
The seven-headed hydra bites you!
The seven-headed hydra bites you but does no damage.
The seven-headed hydra bites you.
* * * LOW HITPOINT WARNING * * *
The seven-headed hydra bites you but does no damage.
The seven-headed hydra bites you.
* * * LOW HITPOINT WARNING * * *
You block the seven-headed hydra's attack.
You hack one of the seven-headed hydra's heads off!
The flame cauterises the wound!
You slice the six-headed hydra!! You burn the six-headed hydra!
The six-headed hydra is heavily wounded.
The six-headed hydra barely misses you. The six-headed hydra bites you.
* * * LOW HITPOINT WARNING * * *
The six-headed hydra bites you but does no damage.
The six-headed hydra bites you!
* * * LOW HITPOINT WARNING * * *
The six-headed hydra bites you!
You die...

.................
....#####.##.....
...#####.#.#.#### ...
#........#
....##..######### .
....#...##.####.## ...
#.............#....
##.........††.......
.............†@)......
..#P.........D†..#....
. ##...........^......
##..................
#..............#....
..#....†D............
..#.............#....
#.............P....
#.......$........


You could see a six-headed hydra and a four-headed hydra.

Vanquished Creatures
  Erica (Lair:1)
  3 two-headed ogres
  An orb spider (D:9)
  Pikel (D:5)
  2 cane toads
  A rime drake (Lair:1)
  A yaktaur (D:10)
  A shadow (D:10)
  10 yaks
  A steam dragon (D:9)
  Menkaure (D:7)
  An acid dragon (D:10)
  3 water moccasins
  4 orc warriors
  3 sky beasts
  4 ice beasts
  An ogre (D:5)
  A wolf (D:10)
  3 centaurs
  7 kobold brigands
  A lemure (D:5)
  A necrophage (D:5)
  4 bullfrogs
  A gnoll sergeant (D:9)
  9 scorpions
  10 wights
  6 killer bees (D:10)
  2 howler monkeys (D:9)
  2 electric eels (D:10)
  3 jellies
  8 orc priests
  10 hounds
  4 iguanas
  7 orc wizards
  8 adders
  9 gnolls
  A shadow imp (D:8)
  2 white imps
  An ufetubus (D:4)
  4 worms
  A dart slug (D:2)
  41 orcs
  5 endoplasms
  8 giant cockroaches
  3 goblins
  4 hobgoblins
  8 jackals
  5 quokkas
  5 ball pythons
  9 bats
  2 frilled lizards (D:2)
  32 kobolds
  4 rats
  A bush (D:1)
  2 butterflies (D:8)
273 creatures vanquished.

Vanquished Creatures (collateral kills)
  An adder (D:2)
1 creature vanquished.

Vanquished Creatures (others)
  2 plants
2 creatures vanquished.

Grand Total: 276 creatures vanquished

Notes
Turn   | Place    | Note
-------+----------+-------------------------------------------
     0 | D:1      | suse60 the Formicid Fighter began the quest for the Orb.
     0 | D:1      | Reached XP level 1. HP: 18/18 MP: 1/1
    28 | D:1      | You fall into a shaft and drop 1 floor!
    84 | D:2      | Reached XP level 2. HP: 23/24 MP: 2/2
   662 | D:1      | Reached XP level 3. HP: 28/30 MP: 3/3
  1337 | D:1      | Reached skill level 3 in Axes
  1575 | D:2      | Reached XP level 4. HP: 37/37 MP: 4/4
  1588 | D:2      | Found a faded altar of an unknown god.
  1765 | D:2      | Found a bloodstained altar of Trog.
  2282 | D:2      | Reached XP level 5. HP: 27/43 MP: 5/5
  2517 | D:3      | Noticed a sky beast
  2644 | D:3      | Killed a sky beast
  2645 | D:3      | Reached skill level 5 in Fighting
  2645 | D:3      | Reached skill level 4 in Axes
  2645 | D:3      | Reached XP level 6. HP: 29/51 MP: 6/6
  3253 | D:4      | Reached skill level 5 in Axes
  3437 | D:4      | Found Ximme's Assorted Antiques.
  3452 | D:4      | Bought a scroll labelled HADUD VARRY for 23 gold pieces
  3452 | D:4      | Bought a scroll of identify for 46 gold pieces
  3452 | D:4      | Bought a scroll labelled DAS GOT POOCI for 23 gold pieces
  3452 | D:4      | Bought a ruby potion for 20 gold pieces
  3514 | D:4      | Identified a scroll of acquirement
  3514 | D:4      | Acquired a +0 battleaxe of flaming
  3658 | D:4      | Found the +3 pair of seven-league boots {Rampage+∞}
  3673 | D:4      | Found a glowing golden altar of the Shining One.
  3684 | D:4      | Became a worshipper of the Shining One
  3783 | D:5      | Entered Level 5 of the Dungeon
  3787 | D:5      | Reached XP level 7. HP: 58/58 MP: 7/7
  4055 | D:5      | Noticed Pikel
  4085 | D:5      | Killed Pikel
  4086 | D:5      | Reached skill level 6 in Axes
  4086 | D:5      | Reached XP level 8. HP: 39/68 MP: 8/8
  4395 | D:5      | Found a hide-covered altar of Uskayaw.
  4499 | D:5      | Reached skill level 7 in Axes
  5348 | D:6      | Reached XP level 9. HP: 53/75 MP: 9/9
  5541 | D:6      | Reached skill level 8 in Axes
  5685 | D:6      | Found a staircase to the Ecumenical Temple.
  5699 | Temple   | Entered the Ecumenical Temple
  5715 | D:6      | Found a stormy altar of Qazlal.
  6985 | D:7      | Found Monk's General Store.
  6995 | D:7      | Noticed Menkaure
  6995 | D:7      | Reached * piety under the Shining One
  7001 | D:7      | Killed Menkaure
  7002 | D:7      | Reached skill level 10 in Fighting
  7096 | D:7      | Reached skill level 9 in Axes
  7149 | D:7      | Found Famo's Armour Boutique.
  7165 | D:7      | Bought a +1 cloak for 149 gold pieces
  7351 | D:7      | Found Depiz's Weapon Shoppe.
  7447 | D:7      | Found Ylux's Distillery.
  7450 | D:7      | Bought a potion of heal wounds for 60 gold pieces
  7713 | D:8      | Found a runed translucent door.
  7716 | D:8      | Found a runed translucent door.
  7724 | D:8      | Reached XP level 10. HP: 79/85 MP: 10/10
  7901 | D:8      | Reached skill level 5 in Armour
  8173 | D:8      | Reached skill level 1 in Evocations
  8247 | D:8      | Reached skill level 10 in Axes
  8381 | D:8      | Reached ** piety under the Shining One
  9051 | D:9      | Noticed a two-headed ogre
  9066 | D:9      | Killed a two-headed ogre
  9203 | D:9      | Found a staircase to the Orcish Mines.
  9227 | D:9      | Noticed Maggie
  9239 | D:9      | Noticed Maggie
  9239 | D:9      | Maggie changed into Maggie the sky beast
  9243 | D:9      | Killed Maggie the sky beast
  9244 | D:9      | Reached skill level 5 in Evocations
  9429 | D:9      | Reached skill level 11 in Axes
  9634 | D:9      | Noticed a two-headed ogre
  9637 | D:9      | Noticed an orb spider
  9637 | D:9      | a two-headed ogre changed into an orb spider
  9642 | D:9      | Killed an orb spider
  9643 | D:9      | Reached XP level 11. HP: 90/90 MP: 11/11
  9991 | D:9      | Reached skill level 1 in Invocations
 10219 | D:10     | Entered Level 10 of the Dungeon
 10366 | D:10     | Noticed a two-headed ogre
 10378 | D:10     | Killed a two-headed ogre
 10379 | D:10     | Reached skill level 12 in Axes
 10398 | D:10     | Noticed Snorg
 10414 | D:10     | Noticed Snorg
 10414 | D:10     | Snorg changed into Snorg the yaktaur
 10418 | D:10     | Killed Snorg the yaktaur
 10603 | D:10     | Reached skill level 5 in Invocations
 10702 | D:10     | Found a staircase to the Lair.
 10704 | D:10     | Noticed a two-headed ogre
 10957 | D:10     | Killed a two-headed ogre
 11159 | D:10     | Acquired 721 gold pieces
 11259 | D:7      | Bought the +2 pair of boots of the Old and Reckless {rC+
                  | Dex+6} for 534 gold pieces
 11323 | D:7      | Bought 2 potions of heal wounds for 120 gold pieces
 11323 | D:7      | Bought a potion of curing for 36 gold pieces
 11895 | D:10     | Found a broken altar of Ashenzari.
 11951 | D:10     | Found a blossoming altar of Fedhas.
 12087 | Lair:1   | Entered Level 1 of the Lair of Beasts
 12267 | Lair:1   | Reached *** piety under the Shining One
 12283 | Lair:1   | Noticed Erica
 12293 | Lair:1   | Noticed a seven-headed hydra
 12297 | Lair:1   | Killed Erica
 12298 | Lair:1   | Reached XP level 12. HP: 19/99 MP: 15/17
 12298 | Lair:1   | Noticed a four-headed hydra
 12300 | Lair:1   | Slain by a six-headed hydra

Illustrated notes

Levels and vault maps discovered:
D:1:      erik_arrival_orb_chamber, layout_loops_ring, serial_forest,
          infiniplex_forest_lined_2, infiniplex_forest_lined_2,
          infiniplex_forest_clump_small, infiniplex_forest_lined_3,
          infiniplex_forest_clump_curved, infiniplex_forest_clump_large,
          infiniplex_forest_clump_cross, infiniplex_forest_zigzag_2,
          wad_floor_pattern_untrapped, dk_noncrumbling_3,
          corexii_item_surrounded_by_moat
D:2:      layout_basic, hellmonk_ecumenical_altar_crossroads, basic_altar
D:3:      layout_rooms, nicolae_underground_beach
D:4:      layout_cave_pools, mainiacjoe_overflow_alcove_4, nicolae_stop_n_shop_1
D:5:      layout_loops_ring, nicolae_uskayaw_murder_on_the_dancefloor,
          uniq_pikel
D:6:      layout_basic, lemuel_tele_altar, minmay_temple_entry_glassed_door
D:7:      layout_cave_pools, serial_shops, nicolae_square_shop, shop,
          kennysheep_mini_moat, shop_statue, uniq_menkaure
D:8:      lemuel_insect_pit, layout_loops_ring
D:9:      layout_roguey, orc_0_dummy, kennysheep_flooded_box,
          blue_anna_alchemist, uniq_maggie
D:10:     layout_rooms, lemuel_crystal_altar, fedhas_altar_fruit_tree,
          erik_lair_island, minmay_unpleasant_kobolds, uniq_snorg
Temple:   bh_familiar_temple
Lair:1:   layout_gridlike, infiniplex_staircase_pool, uniq_erica

Skill      XL: |  1  2  3  4  5  6  7  8  9 10 11 12 |
---------------+-------------------------------------+-----
Fighting       | 4 5 6 7 8 10 11 | 11.0
Axes           | 3 4 5 6 7 9 11 12 | 12.8
Armour         | 4 5 |  5.6
Evocations     | 6 |  6.2
Invocations    | 7 |  7.2
Shields        | |  4.0

Action                   |  1- 3 |  4- 6 |  7- 9 | 10-12 || total
-------------------------+-------+-------+-------+-------++-------
Melee: War axe           |    98 |   127 |       |       ||   225
       Battleaxe         |       |     5 |   175 |   247 ||   427
 Fire: Shortbow          |     6 |    21 |    27 |     4 ||    58
Throw: Dart              |       |       |       |    15 ||    15
 Abil: Dig               |       |       |       |     1 ||     1
Evoke: Wand              |       |       |     4 |    18 ||    22
  Use: Scroll            |     5 |    11 |     5 |     3 ||    24
       Potion            |       |     1 |     2 |     3 ||     6
Armor: Scale mail        |    27 |    37 |    67 |    88 ||   219
Dodge: Dodged            |    32 |    57 |    58 |    99 ||   246
Block: Buckler           |    24 |    33 |    43 |    75 ||   175
